 Dungeon Crawl Stone Soup version 0.30-a0-591-g3c58d2bc28 (webtiles) character file.

Game seed: 12664141392868497973

54 wormed the Changer (level 3, -5/23 HPs)
             Began as an Octopode Transmuter on Jan 4, 2023.
             Slain by Terence
             ... wielding a +0 trident
              (6 damage)
             ... on level 2 of the Dungeon.
             The game lasted 00:02:24 (1337 turns).

wormed the Changer (Octopode Transmuter)            Turns: 1337, Time: 00:02:25

Health: -5/23      AC:  1    Str:  9    XL:     3   Next: 91%
Magic:  4/6        EV: 13    Int: 17    God:
Gold:   55         SH:  0    Dex: 12    Spells: 3/6 levels left

rFire   . . .      SeeInvis .      - Unarmed
rCold   . . .      Faith    .    (no shield)
rNeg    . . .      Spirit   .    (helmet currently unavailable)
rPois   .          Reflect  .    (no amulet)
rElec   .          Harm     .    d - ring of wizardry
rCorr   .          Rampage  .    (no ring)
Will    .....                    (no ring)
Stlth   ++                       (no ring)
HPRegen 0.23/turn                (no ring)
MPRegen 0.10/turn                (no ring)
                                 (no ring)
                                 (no ring)

@: appendages (expiring), wereblooded
A: tentacle spike 3, almost no armour, amphibious, 8 rings, camouflage 1,
gelatinous body 1, (nimble swimmer 1), tentacles
a: End Transformation


You were on level 2 of the Dungeon.
One of your tentacles had grown a beastly spike.
You visited 1 branch of the dungeon, and saw 2 of its levels.

You collected 55 gold pieces.

Inventory:

Jewellery
 d - a ring of wizardry (left tentacle)
 g - a ring of magical power
Scrolls
 b - 2 scrolls of identify {unknown}
 c - 2 scrolls of noise {unknown}
 f - a scroll of enchant weapon {unknown}
 h - a scroll of teleportation {unknown}
Potions
 a - 3 potions of lignification
 e - a potion of heal wounds {unknown}
 i - a potion of curing {unknown}


   Skills:
 - Level 1.0 Fighting
 - Level 2.0 Dodging
 - Level 3.0 Unarmed Combat
 + Level 2.4 Spellcasting
 * Level 3.2 Transmutations
 + Level 1.4 Ice Magic


You had 3 spell levels left.
You knew the following spells:

 Your Spells              Type           Power      Damage    Failure   Level
a - Beastly Appendage     Tmut           26%        N/A       1%          1
b - Wereblood             Tmut           13%        N/A       3%          2

Your spell library contained the following spells:

 Spells                   Type           Power      Damage    Failure   Level
 Spider Form              Tmut/Pois      7%         N/A       12%         3
 Ice Form                 Ice/Tmut       10%        N/A       26%         4


Dungeon Overview and Level Annotations

Branches:
Dungeon (2/15)

Altars:

Annotations:
D:2 Terence


Innate Abilities, Weirdness & Mutations

One of your tentacles has grown a beastly spike.
You cannot wear most types of armour.
You are amphibious.
You can wear up to eight rings at the same time.
Your skin changes colour to match your surroundings (Stealth+).
Your rubbery body absorbs attacks. (AC +1, EV +1)
((You are camouflaged when in or above water. (Stealth+)))
You have tentacles for arms and can constrict up to eight enemies at once.


Message History

Confirm with . or Enter, or press ? or * to list all spells.
Your blood is infused with primal strength.
The goblin shouts!
You hear a shout!
You barely miss the goblin. You grab the goblin.
You constrict the goblin, but do no damage.
You tentacle-slap the goblin.
The goblin is almost dead.
You constrict the goblin.
You kill the goblin!
The goblin closely misses you.
Things that are here:
a +0 dagger; a goblin corpse You miss the goblin.
Your grab misses the goblin.
Your tentacle-slap misses the goblin.
The goblin hits you with a +0 club.
You tentacle-slap the goblin.
You feel a bit better.
You kill the goblin!
Your transformation is almost over.
Terence the Incautious comes into view.
He is wielding a +0 trident.
Found a stone staircase leading up.
Things that are here:
a +0 club; a goblin corpse You howl as the wereblood boils in your veins!
Terence hits you from afar with a +0 trident!
Things that are here:
a +0 dagger; a goblin corpse Terence hits you with a +0 trident!
Ouch! That really hurt!
* * * LOW HITPOINT WARNING * * *
Casting: Wereblood (safe; 3% risk of failure)
Confirm with . or Enter, or press ? or * to list all spells.
You don't know that spell.
Casting: Wereblood (safe; 3% risk of failure)
Confirm with . or Enter, or press ? or * to list all spells.
You don't know that spell.
Press: ? - help, v - describe, . - travel
Here: Terence, wielding a +0 trident and wearing a +0 scale mail The floor.
You howl as the wereblood boils in your veins!
Terence hits you from afar with a +0 trident.
You die...

.. .. .. .# . #. #.. ..
.# # # #.# ##.## .#..# #
.# #.# #...### .#..# #
.#####.####..... ....###
###
..........#.(.####......<
..# ..............@.@).#
# #.#
...........#.#.###.#
.###.#####.#
.†.....#........# .#
.......<.#†#
...†.......#.#.## .#
.#.#...†..†.
..)........#.#.###.#
#####.#..
......[....†.......#
#.#..
†...########........
#.#.. .#.## ###.#####
#.#.. .#.# ...# #.#..


You could see Terence.

Vanquished Creatures
  A worm (D:2)
  2 dart slugs (D:2)
  5 bats
  5 endoplasms
  4 giant cockroaches
  2 hobgoblins (D:1)
  A quokka (D:1)
  6 frilled lizards
  7 goblins
  3 kobolds
  9 rats
45 creatures vanquished.

Notes
Turn   | Place    | Note
-------+----------+-------------------------------------------
     0 | D:1      | wormed the Octopode Transmuter began the quest for the Orb.
     0 | D:1      | Reached XP level 1. HP: 13/13 MP: 3/3
   221 | D:1      | Reached XP level 2. HP: 18/18 MP: 3/5
   224 | D:1      | Learned a level 2 spell: Wereblood
   744 | D:1      | Reached skill level 1 in Ice Magic
   752 | D:1      | Reached XP level 3. HP: 23/23 MP: 3/6
  1333 | D:2      | Noticed Terence
  1336 | D:2      | HP: 1/23 [Terence/+0 trident (12)]
  1337 | D:2      | Slain by Terence

Illustrated notes

Levels and vault maps discovered:
D:1:      psy_arrival_wood_between_worlds, layout_loops_ring,
          minmay_tetromino_o2
D:2:      layout_loops_ring, serial_park_tiny_1, uniq_terence

Skill      XL: |  1  2  3 |
---------------+----------+-----
Ice Magic      | 1 |  1.4
Transmutations | 3 |  3.2
Fighting       | |  1.0
Dodging        | |  2.0
Unarmed Combat | |  3.0
Spellcasting   | |  2.4

Action                   || total
-------------------------++-------
Melee: Unarmed           ||    95
       Kick              ||    22
       Tentacles         ||    13
       Constrict         ||    25
       Punch             ||     1
 Cast: Beastly Appendage ||    19
       Wereblood         ||    14
 Stab: Sleeping          ||     3
Armor: Skin              ||    14
Dodge: Dodged            ||    51

Table legend: (Time is in decaauts)
 A = Elapsed time spent in this place.
 B = Non-inter-level travel time spent in this place.
 C = Inter-level travel time spent in this place.
 D = Time resting spent in this place.
 E = Time spent auto-exploring this place.
 F = Levels seen in this place.
 G = Mean time per level.
                   A        B        C        D        E       F      G
               +--------+--------+--------+--------+--------+-----+--------+
         Total |   1331 |   1284 |     47 |      0 |   1026 |   2 |  665.5 |
       Dungeon |   1331 |   1284 |     47 |      0 |   1026 |   2 |  665.5 |
               +--------+--------+--------+--------+--------+-----+--------+

Top non-repeatable levels by time:
     D:1: 981 daAuts
     D:2: 350 daAuts
